 Dungeon Crawl Stone Soup version 0.31-a0-662-g684573625c (webtiles) character file.

Game seed: 8979873635214642290

30 AdnanSaban the Covered (level 3, 0/23 HPs)
             Began as a Gargoyle Fighter on Sept 1, 2023.
             Slain by Duvessa
             ... wielding a +0 rapier of venom
              (1 damage)
             ... on level 4 of the Dungeon.
             The game lasted 00:01:12 (783 turns).

AdnanSaban the Covered (Gargoyle Fighter)            Turns: 783, Time: 00:01:13

Health: 0/23       AC: 11    Str: 21    XL:     3   Next: 20%
Magic:  3/3        EV:  9    Int:  8    God:
Gold:   58         SH:  4    Dex:  9    Spells: 2/2 levels left

rFire   + . .        a - +0 flail
rCold   . . .        c - +0 buckler
rNeg    + . .        b - +0 scale mail
rPois   ∞            (no helmet)
rElec   +            (no cloak)
rCorr   .            j - +0 pair of gloves
SInv    .            (no boots)
Will    .....        (no amulet) Stlth
                     f - ring of protection from fire
HPRegen 0.23/turn    (no ring)
MPRegen 0.08/turn

%: no passive effects
@: no status effects
A: sickness immunity, AC +3, negative energy resistance 1, electricity
resistance, torment resistance 1, petrification resistance
a: no special abilities


You were on level 4 of the Dungeon.
You visited 1 branch of the dungeon, and saw 3 of its levels.

You collected 58 gold pieces.

Inventory:

Hand Weapons
 a - a +0 flail (weapon)
Missiles
 h - 4 poisoned darts
Armour
 b - a +0 scale mail (worn)
 c - a +0 buckler (worn)
 j - a +0 pair of gloves (worn)
Jewellery
 f - a ring of protection from fire (left hand)
Scrolls
 g - 2 scrolls of identify {unknown}
 k - a scroll of poison {unknown}
 o - a scroll of amnesia {unknown}
 p - a scroll of teleportation {unknown}
Potions
 d - a potion of might
 e - a potion of curing {unknown}
 i - a potion of enlightenment {unknown}
 l - a potion of attraction {unknown}
 m - a potion of berserk rage {unknown}
 n - 2 potions of haste {unknown}
 q - a potion of mutation {unknown}
 r - a potion of heal wounds {unknown}


   Skills:
 + Level 3.5 Fighting
 + Level 2.4 Maces & Flails
 + Level 3.8 Armour
 + Level 0.1 Dodging
 + Level 3.6 Shields


You had 2 spell levels left.
You didn't know any spells.
Your spell library was empty.

Dungeon Overview and Level Annotations

Branches:
Dungeon (4/15)
 Temple: D:4-7

Altars:
Dithmenos

Annotations:
D:4 Dowan, Duvessa, Eustachio


Innate Abilities, Weirdness & Mutations

You are immune to sickness and miasma.
Your stone body is resilient. (AC +3)
You are immune to poison.
You resist negative energy. (rN+)
You are resistant to electric shocks. (rElec)
You are resistant to unholy torment.
You are immune to petrification.


Message History

You block the bat's attack. The bat hits you but does no damage.
Duvessa hits you with a +0 rapier of venom!
Dowan casts a spell at you. The puff of frost hits you.
* * * LOW HITPOINT WARNING * * *
You sock Duvessa!
Duvessa is moderately wounded.
The bat closely misses you. The bat hits you but does no damage.
Duvessa hits you but does no damage. Dowan barely misses you.
Eustachio casts a spell.
You sock Duvessa!
Duvessa is heavily wounded.
The bat closely misses you. You block the bat's attack.
Duvessa barely misses you. Dowan hits you but does no damage.
The river rat closely misses you.
Duvessa says, "Where magic fails, the sword succeeds!"
You block Duvessa's attack.
Eustachio mumbles some strange words.
Dowan hits you with a +0 dagger.
* * * LOW HITPOINT WARNING * * *
You barely miss Dowan. You block the river rat's attack.
Duvessa closely misses you.
Dowan gestures at Duvessa while chanting.
Duvessa seems to speed up.
The crimson imp blinks!
You hit Dowan.
Dowan is moderately wounded.
Duvessa hits you but does no damage. You block the river rat's attack.
Dowan hits you but does no damage.
Duvessa hits you with a +0 rapier of venom.
* * * LOW HITPOINT WARNING * * *
The river rat closely misses you.
You miss Dowan.
Dowan is moderately wounded.
Duvessa hits you with a +0 rapier of venom.
* * * LOW HITPOINT WARNING * * *
The shadow imp shouts, "Slither hence, thou spongy fly-bitten bandersnitch!"
Dowan hits you but does no damage.
The river rat bites you but does no damage.
Duvessa hits you with a +0 rapier of venom.
You die...

....#.#.###$##.......
....#.e.........##.####
...l###.###...........#
....# #)# #.§.........#
....###.###.r@........##
###.............5......#
#........#..55b.......
#........#..lree......
#........#....@.......
#........#######.###..
#........# .# #........#
. #........# ##
#........#


You could see Eustachio, Duvessa (fast), Dowan, an iguana, a crimson imp
(summoned), 2 river rats, a white imp (summoned), a shadow imp (summoned) and a
bat (summoned).

Vanquished Creatures
  A dart slug (D:1)
  3 endoplasms (D:1)
  2 hobgoblins (D:1)
  3 kobolds (D:1)
  A quokka (D:1)
  2 ball pythons (D:1)
  6 bats (D:1)
  3 frilled lizards (D:1)
  3 goblins
  3 rats (D:1)
27 creatures vanquished.

Notes
Turn   | Place    | Note
-------+----------+-------------------------------------------
     0 | D:1      | AdnanSaban the Gargoyle Fighter began the quest for the
                  | Orb.
     0 | D:1      | Reached XP level 1. HP: 14/14 MP: 1/1
    88 | D:1      | Reached XP level 2. HP: 8/19 MP: 2/2
   330 | D:1      | Found a faded altar of an unknown god.
   454 | D:1      | Reached XP level 3. HP: 21/23 MP: 3/3
   705 | D:2      | You fall into a shaft and drop 2 floors!
   706 | D:4      | Found a shadowy altar of Dithmenos.
   740 | D:4      | Noticed Eustachio
   747 | D:4      | Noticed Dowan
   769 | D:4      | Noticed Duvessa
   783 | D:4      | HP: 1/23 [Duvessa/+0 rapier of venom (2)]
   783 | D:4      | Slain by Duvessa

Illustrated notes

Levels and vault maps discovered:
D:1:      lemuel_arrival_river_ford, layout_rooms,
          hellmonk_ecumenical_altar_heavens_door
D:2:      layout_basic, uniq_sigmund, uniq_terence
D:4:      layout_basic, mainiacjoe_overflow_chevrons,
          nicolae_dithmenos_shadow_blocks, uniq_blork_the_orc, uniq_eustachio,
          uniq_duvessa

Action                     || total
---------------------------++-------
  Melee: Flail             ||    85
 Armour: Scale mail        ||   105
  Dodge: Dodged            ||    69
  Block: Buckler           ||    31

Table legend: (Time is in decaauts)
 A = Elapsed time spent in this place.
 B = Non-inter-level travel time spent in this place.
 C = Inter-level travel time spent in this place.
 D = Time resting spent in this place.
 E = Time spent auto-exploring this place.
 F = Levels seen in this place.
 G = Mean time per level.
                   A        B        C        D        E       F      G
               +--------+--------+--------+--------+--------+-----+--------+
         Total |    813 |    798 |     15 |      0 |    543 |   3 |  271.0 |
       Dungeon |    813 |    798 |     15 |      0 |    543 |   3 |  271.0 |
               +--------+--------+--------+--------+--------+-----+--------+

Top non-repeatable levels by time:
     D:1: 729 daAuts
     D:4: 79 daAuts
     D:2: 3 daAuts
